[Event "*** MasterClass Titled Tuesday Blitz"]
[Site "Chess.com"]
[Date "2017.10.03"]
[Round "8"]
[White "TryingToGetBetter94"]
[Black "toad"]
[Result "0-1"]
[WhiteElo "2286"]
[BlackElo "2134"]
[TimeControl "180+2"]
[EndTime "14:49:08 PDT"]
[Termination "toad won by checkmate"]

1. d4 Nf6 2. c4 g6 3. Nc3 d5 4. cxd5 Nxd5 5. e4 Nxc3 6. bxc3 Bg7 7. Bc4 c5 8. Nf3 O-O 9. Be3 Nc6 10. Rc1 cxd4 11. cxd4 Bg4 12. d5 Ne5 13. Be2 Nxf3+ 14. gxf3 Bh3 15. f4 Bg2 16. Bf3 Bxh1 17. Bxh1 Rc8 18.
Rb1 b6 19. e5 Qd7 20. Bg2 Qf5 21. Kf1 Qc2 22. Qe1 Rfd8 23. Kg1 Qf5 24. a4 Rc2 25.
a5 bxa5 26. Rb7 Rdc8 27. Rxe7 Bf8 28. Rxa7 Bc5 29. Rxa5 Bb4 30. Qxb4 Rc1+ 31. Bxc1 Rxc1+ 32. Bf1 Qg4+ 33. Kh1 Rxf1# 0-1

[Event "*** MasterClass Titled Tuesday Blitz"]
[Site "Chess.com"]
[Date "2017.10.03"]
[Round "8"]
[White "SantoBlue"]
[Black "Noukii"]
[Result "0-1"]
[WhiteElo "2568"]
[BlackElo "2699"]
[TimeControl "180+2"]
[EndTime "14:49:15 PDT"]
[Termination "Noukii won on time"]

1. e4 Nf6 2. e5 Nd5 3. d4 d6 4.
exd6 cxd6 5. Nf3 g6 6. Be2 Bg7 7. O-O O-O 8. h3 Nc6 9. c4 Nb6 10. Nc3 Bf5 11. Be3 d5 12. c5 Nc4 13. Bxc4 dxc4 14.
Re1 Nb4 15. Re2 b6 16. a3 Nd3 17. c6 a6 18. Qd2 Be6 19. Bh6 Qd6 20. Bxg7 Kxg7 21. Ne5 Qxd4 22. Nxd3 cxd3 23. Re4 Qd6 24. Rh4 h5 25. Re1 Bf5 26. g4 Qf6 27. g5 Qxc6 28. Rf4 Bxh3 29. f3 Bf5 30. Re5 Qd6 31. Rd5 Qe6 32.
Rfd4 Rac8 33. Kf2 Rc5 34. b4 Rxd5 35. Rxd5 Rc8 36. Qb2 Kh7 37. Rd4 Qe5 38. Ne4 Qh2+ 0-1

[Event "*** MasterClass Titled Tuesday Blitz"]
[Site "Chess.com"]
[Date "2017.10.03"]
[Round "8"]
[White "peteseeger"]
[Black "biostatistician"]
[Result "1-0"]
[WhiteElo "2149"]
[BlackElo "2375"]
[TimeControl "180+2"]
[EndTime "14:49:18 PDT"]
[Termination "peteseeger won by resignation"]

1. e4 e6 2. b3 d5 3. Bb2 c5 4. exd5 exd5 5. Bb5+ Nc6 6. Nf3 Qe7+ 7. Be2 Nf6 8. O-O Qd6 9. d4 Be7 10. dxc5 Qxc5 11.
Nc3 O-O 12. Nb5 Bg4 13. Nfd4 Bxe2 14. Qxe2 Rfe8 15. Nxc6 Qxc6 16. Nd4 Qb6 17. Qf3 Rac8 18. Rfe1 Bf8 19. h3 Ne4 20. c4 Bb4 21. Re2 Qf6 22.
cxd5 Qxf3 23. gxf3 Nf6 24. Rxe8+ Rxe8 25. Nf5 Nxd5 26. Bxg7 Nf4 27. Rd1 Nxh3+ 28. Kh2 Nxf2 29. Rd7 a5 30. Bf6 Bf8 31. Kg3 Nd3 32. Rxd3 1-0

[Event "*** MasterClass Titled Tuesday Blitz"]
[Site "Chess.com"]
[Date "2017.10.03"]
[Round "8"]
[White "Semetey"]
[Black "SabinaFoisor"]
[Result "0-1"]
[WhiteElo "2378"]
[BlackElo "2324"]
[TimeControl "180+2"]
[EndTime "14:49:20 PDT"]
[Termination "SabinaFoisor won by checkmate"]

1. Nf3 Nf6 2. g3 g6 3. b3 Bg7 4.
Bb2 O-O 5. Bg2 c5 6. c4 Nc6 7. d4 d6 8. O-O Ne4 9. h3 h5 10. e3 e5 11. dxc5 dxc5 12. Nfd2 Ng5 13. Kh2 Be6 14.
Nc3 Qd7 15. h4 Nh7 16. Nd5 Bg4 17. Qc2 Nb4 18. Nxb4 cxb4 19. Ne4 b6 20. f3 Bf5 21. Rfd1 Qe7 22. Rd5 Rad8 23. Rad1 Rxd5 24. cxd5 Nf6 25. Nxf6+ Bxf6 26. e4 Bd7 27. Qc7 Rc8 28. Qxa7 Bxh4 29. gxh4 Rc2 30. Qb8+ Kh7 31. Qxe5 Qxh4+ 32. Kg1 Qf2+ 33.
Kh1 Qxg2# 0-1

[Event "*** MasterClass Titled Tuesday Blitz"]
[Site "Chess.com"]
[Date "2017.10.03"]
[Round "8"]
[White "DiogenesSinopeus"]
[Black "Too_Stupid_To_Play"]
[Result "0-1"]
[WhiteElo "2336"]
[BlackElo "2158"]
[TimeControl "180+2"]
[EndTime "14:49:32 PDT"]
[Termination "Too_Stupid_To_Play won by resignation"]

1. d4 Nf6 2. c4 e6 3. Nc3 Bb4 4. e3 O-O 5. Bd3 Re8 6. Ne2 d5 7. O-O c5 8. dxc5 Bxc5 9. a3 dxc4 10. Bxc4 a5 11. b3 Nbd7 12. Bb5 Qe7 13. Bb2 Rd8 14. Qc2 b6 15. Rfd1 Bb7 16. Nd4 Rac8 17. Qe2 Ne5 18. f3 Ng6 19. Ba6 h5 20. Bxb7 Qxb7 21. Ncb5 h4 22. b4 axb4 23. axb4 Bxb4 24. Ra7 Qd5 25. e4 Qg5 26. Kh1 Bc5 27. Bc1 Nf4 28.
Bxf4 Qxf4 29. Nb3 h3 30. g3 Qe3 31. Qxe3 Rxd1+ 0-1

[Event "*** MasterClass Titled Tuesday Blitz"]
[Site "Chess.com"]
[Date "2017.10.03"]
[Round "8"]
[White "Hrant_ChessMood"]
[Black "ZapataCharlesS"]
[Result "1-0"]
[WhiteElo "2747"]
[BlackElo "2585"]
[TimeControl "180+2"]
[EndTime "14:49:38 PDT"]
[Termination "Hrant_ChessMood won by resignation"]

1. c4 e6 2. g3 Nf6 3. Bg2 d5 4. d4 Be7 5. Nf3 O-O 6. O-O c6 7. Nc3 b6 8. Bf4 Ba6 9. cxd5 cxd5 10. Qa4 Qd7 11. Qb3 Nc6 12. Rfc1 Rfc8 13. Qa4 Bb7 14. h3 h6 15. g4 a6 16. Qd1 b5 17. e3 Bd8 18. a3 Bc7 19. Ne2 Bxf4 20. Nxf4 Ne4 21. Nd3 Qe7 22. Nd2 Nxd2 23. Qxd2 Qd8 24. Nc5 Qb6 25. Rc2 a5 26. Rac1 b4 27. Bf1 Rc7 28.
Qd3 Rb8 29. Qb5 Qxb5 30. Bxb5 Ne7 31. a4 Rbc8 32. Bd7 Rb8 33. Bb5 Rbc8 34. Bd3 g6 35. Nxb7 1-0

[Event "*** MasterClass Titled Tuesday Blitz"]
[Site "Chess.com"]
[Date "2017.10.03"]
[Round "8"]
[White "kleinebeer98"]
[Black "Gabrielian_Artur"]
[Result "1-0"]
[WhiteElo "2514"]
[BlackElo "2547"]
[TimeControl "180+2"]
[EndTime "14:49:44 PDT"]
[Termination "kleinebeer98 won by checkmate"]

1. e4 e5 2. Nf3 Nc6 3. Nc3 Nf6 4. h3 Bc5 5. Nxe5 O-O 6. Nxc6 dxc6 7. d3 Re8 8. Be2 b5 9. a3 a5 10. O-O Rb8 11.
Be3 Bf8 12. f4 c5 13. e5 b4 14. axb4 axb4 15. Ne4 Nd5 16. Qd2 Nxe3 17. Qxe3 f6 18. exf6 Bb7 19. Bh5 g6 20. f5 Rxe4 21. dxe4 gxh5 22.
e5 Qd5 23. Rf3 Kh8 24. Rg3 Re8 25. Re1 h6 26. Rg6 Kh7 27. Qg3 c4 28. e6 Bc5+ 29. Kh1 Bd6 30. Rg7+ Kh8 31. Rh7+ Kxh7 32. Qg7# 1-0

[Event "*** MasterClass Titled Tuesday Blitz"]
[Site "Chess.com"]
[Date "2017.10.03"]
[Round "8"]
[White "JosephRyan"]
[Black "r31415"]
[Result "1-0"]
[WhiteElo "2234"]
[BlackElo "2164"]
[TimeControl "180+2"]
[EndTime "14:49:44 PDT"]
[Termination "JosephRyan won by checkmate"]

1. e4 d6 2. d4 Nf6 3. Nc3 g6 4. Bf4 c6 5. Qd2 b5 6. Bd3 Nbd7 7. Nf3 Qb6 8. h3 Bb7 9. Bh2 Bg7 10. O-O O-O 11.
e5 Ne8 12. Rae1 b4 13. Ne4 c5 14. dxc5 dxc5 15. Neg5 Rd8 16. e6 fxe6 17. Rxe6 Qa5 18. Rxe7 Qxa2 19. b3 Bxf3 20. Nxf3 Nb6 21. Qe2 Kh8 22.
Be5 Nd5 23. Rxg7 Nxg7 24. Bc4 Nc3 25. Bxg7+ Kxg7 26. Qe7+ Kh6 27. Qh4+ Kg7 28. Qe7+ Kh6 29. Ng5 Qxc2 30. h4 Kh5 31. Qxh7+ Kg4 32. Qe7 Rde8 33. Be6+ Kxh4 34. Nf3+ Kh5 35. Qg5# 1-0

[Event "*** MasterClass Titled Tuesday Blitz"]
[Site "Chess.com"]
[Date "2017.10.03"]
[Round "8"]
[White "Bryakin_Mikhail"]
[Black "Tarlev_Konstantin"]
[Result "0-1"]
[WhiteElo "2503"]
[BlackElo "2614"]
[TimeControl "180+2"]
[EndTime "14:49:49 PDT"]
[Termination "Tarlev_Konstantin won by resignation"]

1. d4 Nf6 2. c4 d6 3. Nc3 e5 4. Nf3 Nbd7 5. e4 Be7 6. h3 O-O 7. d5 Nc5 8. Bd3 Nxd3+ 9. Qxd3 Nd7 10. g4 Nc5 11. Qe2 a5 12. b3 c6 13. Be3 Qe8 14. O-O-O Na6 15. Kb2 Bd7 16. a3 Qb8 17. Rd2 Rc8 18.
Rhd1 Bf8 19. g5 cxd5 20. Rxd5 Nc7 21. R5d2 b5 22. c5 b4 23. Nd5 bxa3+ 24. Ka2 Nxd5 25.
exd5 dxc5 26. Qc4 a4 27. bxa4 Rxa4 28. Qc3 Bd6 29. Rb1 Rb4 30. Rc1 Rb2+ 31. Rxb2 axb2 32. Qxb2 Qa8+ 33. Qa3 Qxd5+ 34. Qb3 Qa8+ 35. Qa3 Be6+ 36.
Kb2 Rb8+ 0-1

[Event "*** MasterClass Titled Tuesday Blitz"]
[Site "Chess.com"]
[Date "2017.10.03"]
[Round "8"]
[White "TamNguyen2"]
[Black "calemcc"]
[Result "0-1"]
[WhiteElo "2210"]
[BlackElo "2180"]
[TimeControl "180+2"]
[EndTime "14:49:50 PDT"]
[Termination "calemcc won by checkmate"]

1. c4 e6 2. Nf3 d5 3. g3 c6 4. Bg2 dxc4 5. O-O b5 6. a4 Bb7 7.
b3 cxb3 8. Qxb3 a6 9. Ne5 Qb6 10. axb5 cxb5 11. Ba3 Bxa3 12. Nxa3 Bxg2 13. Kxg2 Nf6 14.
f3 Nbd7 15. Nxd7 Nxd7 16. Nc4 Qd4 17. Na5 O-O 18. Ra2 Rfc8 19. e3 Qd6 20. d4 Nf6 21. Rfa1 Rc7 22. Rc2 Nd5 23. Rxc7 Qxc7 24. e4 Ne7 25.
Qd3 Rd8 26. Nb3 Qb6 27. Kf2 e5 28. Ke2 exd4 29. Rd1 Nc6 30. Ra1 Ne5 31. Qd2 d3+ 32. Kf1 Nc4 33. Qc3 Qe3 34. Ra2 d2 35. Rxd2 Nxd2+ 36. Nxd2 Qxd2 37. Qc7 Qd1+ 38. Kg2 b4 39. Kh3 b3 40. e5 Qd7+ 41. e6 Qxe6+ 42. g4 Qc8 43.
Qe7 b2 44. Kh4 b1=Q 45. Kh5 Qg6+ 46. Kh4 Qh6+ 47. Kg3 Qb8+ 48. Kf2 Qhxh2+ 49. Ke3 Qb3+ 50. Ke4 Qe2+ 51. Kf5 Qb8 52. f4 Rd5+ 53. Qe5 g6+ 54. Kg5 Qd8+ 55. Kh6 Qh2+ 56. Qh5 Qf8# 0-1

[Event "*** MasterClass Titled Tuesday Blitz"]
[Site "Chess.com"]
[Date "2017.10.03"]
[Round "8"]
[White "tigra"]
[Black "Gordima"]
[Result "1-0"]
[WhiteElo "2664"]
[BlackElo "2580"]
[TimeControl "180+2"]
[EndTime "14:49:51 PDT"]
[Termination "tigra won by resignation"]

1. e4 c5 2. Nf3 e6 3. d4 cxd4 4.
Nxd4 a6 5. c4 Qc7 6. Nc3 Nf6 7. Be2 b6 8. O-O Bb7 9. f3 Be7 10. Be3 d6 11. Rc1 Nbd7 12. b4 Rc8 13. Nb3 Qb8 14. a4 Ba8 15. a5 bxa5 16. bxa5 Bb7 17.
Na4 O-O 18. Nb6 Rcd8 19. Qc2 Qc7 20. c5 dxc5 21. Nxc5 Nxc5 22. Bxc5 Bxc5+ 23. Qxc5 Qf4 24. Rfd1 Rxd1+ 25. Rxd1 h5 26. g3 Qh6 27. h4 Bxe4 28.
fxe4 Nxe4 29. Qa3 Qg6 30. Kg2 f5 31. Qf3 Rb8 32. Bd3 Nf6 33. Bxa6 e5 34. Be2 f4 35. a6 Rxb6 36. a7 Rb2 37. a8=Q+ Kh7 38. Re1 Rc2 39. Kg1 Rb2 1-0

[Event "*** MasterClass Titled Tuesday Blitz"]
[Site "Chess.com"]
[Date "2017.10.03"]
[Round "8"]
[White "Angry_Serb"]
[Black "Bad4life"]
[Result "1-0"]
[WhiteElo "2393"]
[BlackElo "2186"]
[TimeControl "180+2"]
[EndTime "14:49:56 PDT"]
[Termination "Angry_Serb won by resignation"]

1. e4 d6 2. d4 Nf6 3. Nc3 g6 4. Be3 a6 5. a4 Bg7 6. Nf3 O-O 7. h3 Nc6 8. Be2 Re8 9. d5 Nb8 10. O-O e6 11. dxe6 Bxe6 12. Nd4 Bd7 13. Bg5 h6 14. Bh4 g5 15. Bg3 Nxe4 16. Nxe4 Rxe4 17. c3 Nc6 18. Bd3 Re7 19. Nf5 Bxf5 20. Bxf5 Qe8 21. f4 Re2 22. fxg5 hxg5 23. Bg4 Rxb2 24. Bh5 Qe3+ 25. Bf2 Qe4 26. Qc1 Rc2 27. Qxg5 Re8 28. Rae1 Re5 29. Bxf7+ Kf8 30. Rxe4 Rxg5 31. Bb3 Rxc3 32. Bd4+ Bf6 33. Rxf6+ Kg7 34. Rf7+ Kg6 35. Bxc3 1-0

[Event "*** MasterClass Titled Tuesday Blitz"]
[Site "Chess.com"]
[Date "2017.10.03"]
[Round "8"]
[White "IMVoja"]
[Black "Masterbeaterr"]
[Result "1-0"]
[WhiteElo "2406"]
[BlackElo "2271"]
[TimeControl "180+2"]
[EndTime "14:49:59 PDT"]
[Termination "IMVoja won by resignation"]

1. f4 g6 2. Nf3 Bg7 3. e3 d5 4.
Be2 Nc6 5. O-O Nh6 6. d3 O-O 7. e4 dxe4 8. dxe4 Bg4 9. c3 Qxd1 10. Rxd1 Rad8 11. Be3 Rxd1+ 12. Bxd1 Rd8 13. Be2 e5 14. Na3 exf4 15. Bxf4 Bxf3 16. Bxf3 Ne5 17. Nb5 c6 18. Nd4 Nxf3+ 19. gxf3 f5 20. e5 Nf7 21. e6 Ne5 22.
Bxe5 Bxe5 23. Re1 Bxd4+ 24. cxd4 Re8 25. Re3 Kg7 26. d5 cxd5 27. Rd3 Rxe6 28. Rxd5 Kf6 29. Rd7 Re7 30. Rd6+ Ke5 31. Rd2 Kf4 32. Kf2 h5 33.
h4 Ke5 34. Rd8 Kf6 35. Rf8+ Ke6 36. Rg8 Kf7 37. Rb8 Rc7 38. Kg3 b6 39. Kf4 Kf6 40.
Rf8+ Rf7 41. Ra8 Ke6 42. Re8+ Kd5 43. Kg5 Rc7 44. Kxg6 Rc2 45. Kxh5 Rxb2 46. Kg6 Rxa2 47. h5 Rh2 48. h6 f4 49. h7 b5 50. h8=Q Rxh8 51.
Rxh8 b4 52. Kf5 a5 53. Ra8 b3 54. Rxa5+ Kc4 55. Ra8 Kc3 56. Kxf4 b2 57. Rb8 1-0

[Event "*** MasterClass Titled Tuesday Blitz"]
[Site "Chess.com"]
[Date "2017.10.03"]
[Round "8"]
[White "GrigorGrigorov"]
[Black "VladimirBelous"]
[Result "1-0"]
[WhiteElo "2734"]
[BlackElo "2649"]
[TimeControl "180+2"]
[EndTime "14:50:00 PDT"]
[Termination "GrigorGrigorov won on time"]

1. d4 Nf6 2. c4 g6 3. Nf3 Bg7 4. g3 c5 5. Bg2 Qa5+ 6. Nc3 Ne4 7.
Bd2 Nxd2 8. Qxd2 d6 9. Rc1 O-O 10.
O-O Nc6 11. e3 cxd4 12. Nxd4 Bd7 13. Rfd1 Rfc8 14. b3 Rab8 15. h3 a6 16. Qe2 Qd8 17.
Kh2 e6 18. Ne4 Nxd4 19. exd4 Bc6 20. d5 exd5 21. cxd5 Bb5 22. Qd2 h6 23. Qb4 f5 24.
Nd2 Qb6 25. a4 Qxf2 26. axb5 Be5 27. Nf1 f4 28. Qe4 Kg7 29. bxa6 bxa6 30. Rc6 fxg3+ 31. Kh1 Rf8 32. Rc7+ Rf7 33. Rxf7+ Qxf7 34. Rc1 Rxb3 35. Ne3 h5 36. Nc4 1-0

[Event "*** MasterClass Titled Tuesday Blitz"]
[Site "Chess.com"]
[Date "2017.10.03"]
[Round "8"]
[White "GameOverBro"]
[Black "Kirill_Klukin"]
[Result "0-1"]
[WhiteElo "2306"]
[BlackElo "2483"]
[TimeControl "180+2"]
[EndTime "14:50:00 PDT"]
[Termination "Kirill_Klukin won by resignation"]

1. e4 c5 2. Ne2 Nc6 3. Nbc3 e5 4. Ng3 d6 5. Bc4 Be7 6. d3 Nf6 7. O-O Be6 8. Bb3 O-O 9. f4 exf4 10. Bxf4 Nd4 11.
Nh5 Bxb3 12. axb3 Nxh5 13. Qxh5 Nxc2 14. Nd5 Nb4 15. Rf3 Nxd5 16. Qxd5 Qd7 17. Raf1 Qe6 18. Qxb7 Rab8 19. Qxa7 Rxb3 20. Bc1 Bd8 21. Qa2 c4 22. dxc4 Rxf3 23. gxf3 Bb6+ 24. Kg2 f5 25. Qb3 Bc5 26. Qd3 Qg6+ 27. Kh1 fxe4 28. Qd5+ Kh8 29. b4 exf3 30. Qg5 Qxg5 31. Bxg5 Bxb4 32. h3 h6 33. Bh4 Bc5 34. Kh2 Rf4 35. Kg3 g5 0-1

[Event "*** MasterClass Titled Tuesday Blitz"]
[Site "Chess.com"]
[Date "2017.10.03"]
[Round "8"]
[White "lukas_111111"]
[Black "MaxLeto"]
[Result "1-0"]
[WhiteElo "2376"]
[BlackElo "2349"]
[TimeControl "180+2"]
[EndTime "14:50:04 PDT"]
[Termination "lukas_111111 won by resignation"]

1. e4 c5 2. Nf3 d6 3. d4 cxd4 4. Nxd4 Nf6 5. Nc3 a6 6. Be2 e5 7.
Nb3 Be6 8. Be3 Be7 9. Nd5 Nxd5 10.
exd5 Bf5 11. Qd2 Nd7 12. Na5 Qc7 13. c4 O-O 14. O-O Bg6 15. b4 f5 16. f4 Bf6 17. Rac1 b6 18. Nc6 Rae8 19. a4 exf4 20. Bxf4 Ne5 21. Nd4 Qd7 22. Ne6 Rf7 23. Qa2 Rfe7 24. a5 bxa5 25. Qxa5 Bf7 26. Qxa6 Bxe6 27. dxe6 Rxe6 28. Bd1 Nd3 29. Ba4 Qc8 30. Qxc8 Rxc8 31.
Bd7 Nxf4 32. Rxf4 Rce8 33. Bxe6+ Rxe6 34. Rxf5 g6 35. Rd5 Kg7 36. g3 h5 37. c5 dxc5 38. bxc5 Rc6 39. Rd7+ Kh6 40. Rd6 Rxd6 41. cxd6 Kg7 42.
Rc7+ Kf8 43. Rc8+ Kf7 44. d7 1-0

[Event "*** MasterClass Titled Tuesday Blitz"]
[Site "Chess.com"]
[Date "2017.10.03"]
[Round "8"]
[White "JSPrepz"]
[Black "Taron_Shagbazyan"]
[Result "1-0"]
[WhiteElo "2538"]
[BlackElo "2502"]
[TimeControl "180+2"]
[EndTime "14:50:07 PDT"]
[Termination "JSPrepz won by checkmate"]

1. e4 e5 2. Nf3 Nf6 3. Nc3 Nc6 4.
a3 a6 5. d4 Bd6 6. Bg5 h6 7.
Bh4 g5 8. Bg3 Qe7 9. dxe5 Bxe5 10. Nxe5 Nxe5 11. Be2 d6 12. Qd4 Bg4 13. f3 Bd7 14.
O-O-O Bc6 15. Rhe1 Nh5 16. Bf2 Nf4 17. Bf1 O-O 18. Qe3 Qf6 19. g3 Nfg6 20. Be2 Rfe8 21. Rf1 b5 22. Bg1 Nc4 23. Qd3 Rab8 24. f4 a5 25. Bd4 Qe7 26. e5 dxe5 27. fxe5 Ngxe5 28. Qf5 b4 29. Bxc4 Nxc4 30. Nd5 Bxd5 31. Qxd5 Qe6 32. Qc5 bxa3 33. b3 Ne3 34. Rfe1 a2 35. Rd3 Qh3 36. Bb2 Nf5 37. Red1 Qg4 38. Qc3 Kh7 39. h3 Qe4 40. Qf6 Qe6 41. Qc3 Kg6 42. g4 Nd6 43. Qg7# 1-0

[Event "*** MasterClass Titled Tuesday Blitz"]
[Site "Chess.com"]
[Date "2017.10.03"]
[Round "8"]
[White "Daniela_Movileanu"]
[Black "pastouche06"]
[Result "0-1"]
[WhiteElo "2074"]
[BlackElo "2282"]
[TimeControl "180+2"]
[EndTime "14:50:13 PDT"]
[Termination "pastouche06 won by checkmate"]

1. e4 c5 2. Nf3 d6 3. d4 cxd4 4. Nxd4 Nf6 5. Nc3 g6 6. Be3 Bg7 7. f3 O-O 8. Qd2 Nc6 9. O-O-O d5 10. exd5 Nxd5 11. Nxc6 bxc6 12. Bd4 Bxd4 13. Qxd4 Qb6 14. Nxd5 cxd5 15. Qxd5 Be6 16. Qb5 Qc7 17. Bd3 Rab8 18.
Qa4 a5 19. h4 Rb4 20. Qa3 Rfb8 21. h5 Qf4+ 22. Kb1 Rxb2+ 23. Qxb2 Rxb2+ 24. Kxb2 Qb4+ 25.
Kc1 Bxa2 26. hxg6 hxg6 27. Rde1 a4 28. Re4 Qa3+ 29. Kd2 Bd5 30. Rd4 Bc6 31. Rb1 Qc5 32. Rc4 Qg5+ 33. Kc3 Qa5+ 34. Kd4 e5+ 35. Ke3 Bd5 36.
Rc8+ Kg7 37. Rcb8 a3 38. R8b5 a2 39. Rh1 a1=Q 40. Rxa1 Qxa1 41. Rxd5 Qe1+ 42. Be2 Qc3+ 43. Bd3 f5 44. Rd7+ Kf6 45. Rd6+ Kg5 46. Ke2 Qc5 47. Rd7 Qg1 48. g4 Kf4 49. gxf5 Qg2+ 50. Ke1 Ke3 51. Bb5 Qg1+ 52. Bf1 Qf2+ 53. Kd1 Qxf1# 0-1

[Event "*** MasterClass Titled Tuesday Blitz"]
[Site "Chess.com"]
[Date "2017.10.03"]
[Round "8"]
[White "Tesla37"]
[Black "Incognito_Knight"]
[Result "1-0"]
[WhiteElo "2672"]
[BlackElo "2474"]
[TimeControl "180+2"]
[EndTime "14:50:23 PDT"]
[Termination "Tesla37 won by resignation"]

1. e4 c5 2. Nf3 e6 3. d4 cxd4 4. Nxd4 a6 5. Nc3 b5 6. Bd3 Qb6 7. Nf3 Qc7 8. O-O Bb7 9. Re1 Be7 10.
e5 f5 11. Nh4 g6 12. Nf3 Nc6 13. a4 b4 14. Nb1 Bc5 15. Nbd2 Na5 16. Nb3 Nxb3 17.
cxb3 Ne7 18. Bh6 Qb6 19. Qe2 Rg8 20. a5 Qa7 21. Ng5 Nd5 22. Qd2 O-O-O 23. Nf7 Rde8 24. Bg5 Kb8 25. Rac1 Rc8 26. h4 Rgf8 27. Nd6 Bxd6 28. exd6 Rxc1 29. Rxc1 Rc8 30. Rc4 Rc6 31. Be2 Rc5 32.
Bf3 Rxa5 33. Kh2 Qb6 34. Be7 Rc5 35. h5 Qc6 36. Qd4 Rxc4 37. bxc4 Qb6 38. Qh8+ Ka7 39. cxd5 Qxf2 40. Qe5 exd5 41. Bf6 gxh5 42. Qd4+ Qxd4 43. Bxd4+ Kb8 44. Kg3 a5 45. Kh4 a4 46. Kxh5 Bc6 47.
Kh6 Kb7 48. Kxh7 Ka6 49. Kg6 Kb5 50. Be2+ Ka5 51. Kxf5 Bb5 52. Bxb5 Kxb5 53. g4 Kc4 54. Ke5 1-0

[Event "*** MasterClass Titled Tuesday Blitz"]
[Site "Chess.com"]
[Date "2017.10.03"]
[Round "8"]
[White "BillCoe"]
[Black "fidetrainerNET"]
[Result "1-0"]
[WhiteElo "1973"]
[BlackElo "2063"]
[TimeControl "180+2"]
[EndTime "14:50:25 PDT"]
[Termination "BillCoe won by checkmate"]

1. e4 Nf6 2. e5 Nd5 3. g3 d6 4. exd6 Qxd6 5. Bg2 g6 6. d4 Bg7 7. c3 O-O 8. Nf3 c5 9. O-O cxd4 10.
Nxd4 Rd8 11. Ne2 Nc6 12. Nd2 Ne5 13. Qb3 Nb6 14. Ne4 Qc7 15. Nd4 h6 16. Nb5 Qb8 17. Be3 Be6 18. Qc2 Bc4 19. Nxa7 Qxa7 20. Rfd1 Nd5 21.
Bxa7 Rxa7 22. b3 Rc8 23. bxc4 Nb6 24. c5 Na4 25. Rab1 f5 26. Nd2 Nxc5 27. Rb5 Kh7 28. Nb3 Na4 29. Re1 Rxc3 30. Qd2 Nd3 31. Rxe7 Rxb3 32.
axb3 Nac5 33. Rxc5 Nxc5 34. Qe3 Ra1+ 35. Bf1 Rxf1+ 36.
Kxf1 Ne4 37. f3 Nf6 38. Qe5 Nh5 39. Rxg7+ Nxg7 40. Qc7 h5 41. Qxb7 Kh6 42. f4 Ne6 43. Qb6 Nf8 44. b4 Nd7 45. Qd4 Nb8 46. Qh8# 1-0

[Event "*** MasterClass Titled Tuesday Blitz"]
[Site "Chess.com"]
[Date "2017.10.03"]
[Round "8"]
[White "Bengalas"]
[Black "timator"]
[Result "0-1"]
[WhiteElo "2506"]
[BlackElo "2417"]
[TimeControl "180+2"]
[EndTime "14:50:33 PDT"]
[Termination "timator won by resignation"]

1. d4 Nf6 2. c4 e6 3. Nc3 Bb4 4. Qc2 O-O 5. Nf3 d5 6. cxd5 exd5 7. Bg5 h6 8. Bxf6 Qxf6 9. e3 c6 10. Bd3 Be6 11. a3 Bd6 12. b4 Nd7 13. O-O Bg4 14.
Nd2 Rfe8 15. b5 h5 16. bxc6 bxc6 17. Be2 Bf5 18. Bd3 Bg4 19. Rfe1 h4 20. Be2 Bf5 21.
Qd1 Rab8 22. Bg4 h3 23. gxh3 Bxg4 24. hxg4 Qh4 25. Qf3 Rb2 26. Nf1 Nf6 27. h3 Rc2 28. Rec1 Rxc1 29. Rxc1 Bxa3 30. Rb1 Bd6 31. Qg2 a5 32.
Na4 Ne4 33. Rc1 Rc8 34. f3 Ng5 35. f4 Nxh3+ 36. Kh1 Nxf4+ 37. Qh2 Qxh2+ 38. Nxh2 Nd3 39. Rc2 Nb4 40. Rc1 Bxh2 41. Kxh2 Kf8 42. Kg3 Ke7 43. Kf3 Kd6 44. Nc5 Rb8 45. Ra1 Rb5 46. Nb7+ Rxb7 0-1

[Event "*** MasterClass Titled Tuesday Blitz"]
[Site "Chess.com"]
[Date "2017.10.03"]
[Round "8"]
[White "ChessWarrior7197"]
[Black "mazetofonias"]
[Result "0-1"]
[WhiteElo "2632"]
[BlackElo "2506"]
[TimeControl "180+2"]
[EndTime "14:50:40 PDT"]
[Termination "mazetofonias won by resignation"]

1. e4 c5 2. Nf3 d6 3. Bb5+ Nd7 4. O-O a6 5. Bd3 Ngf6 6. c3 e6 7. Re1 Be7 8. Bc2 b5 9. d4 Bb7 10. Bf4 O-O 11. Nbd2 Re8 12. a4 Bf8 13. Qe2 e5 14. dxe5 dxe5 15. Bg5 c4 16. Nf1 h6 17. Bh4 Qc7 18.
Red1 Nh5 19. Ne3 Nf4 20. Qf1 Nc5 21. Nd2 Be7 22. Bxe7 Qxe7 23. f3 Qg5 24. Kh1 Rad8 25. axb5 axb5 26. b4 Ncd3 27. g3 Nh3 28. Bxd3 Qxe3 29.
Qxh3 Rxd3 30. Qg2 Red8 31. Ra2 Rxc3 32. h4 Rcd3 33. Kh2 Qb6 34. Rc1 Qe3 35. Rd1 Qd4 36. Rc2 Qd7 37. Nxc4 bxc4 38. Rdc1 Ba6 39. g4 Bb5 40. g5 hxg5 41. Qxg5 f6 42. Qg3 Qe7 43. Rg2 Rd2 44. Rg1 c3 45. h5 Rxg2+ 46. Kxg2 Rd2+ 47. Kh1 Qf7 48. Qh3 Bd7 49. Qh4 c2 50. h6 g5 51.
Rxg5+ Kh8 52. Rg8+ Kxg8 0-1

[Event "*** MasterClass Titled Tuesday Blitz"]
[Site "Chess.com"]
[Date "2017.10.03"]
[Round "8"]
[White "Kawhi_Leonard2"]
[Black "chessking2151"]
[Result "0-1"]
[WhiteElo "2234"]
[BlackElo "2387"]
[TimeControl "180+2"]
[EndTime "14:50:40 PDT"]
[Termination "chessking2151 won by resignation"]

1. e4 e5 2. Nf3 Nc6 3. Bc4 Nf6 4. d3 Be7 5. O-O O-O 6. c3 d6 7. Re1 Na5 8. Bb5 a6 9. Ba4 b5 10. Bc2 c5 11. Nbd2 Re8 12. Nf1 h6 13. Ne3 Nc6 14. h3 Be6 15. Bb3 Qd7 16. a4 b4 17. Nd5 Na5 18.
Nxf6+ Bxf6 19. Bd5 Bxd5 20. exd5 bxc3 21. bxc3 Reb8 22.
Nd2 Be7 23. Qc2 Qb7 24. Rb1 Qxd5 25. c4 Qe6 26. Ne4 Nc6 27. Be3 Nb4 28. Qe2 Qd7 29.
a5 Bd8 30. Ra1 Nc6 31. Bd2 Nd4 32. Qh5 Nc2 33. Bxh6 Nxa1 34. Re3 g6 35. Rg3 Kh7 36.
Ng5+ Bxg5 37. Qxg5 Qf5 38. Qe3 Nc2 39. Qd2 Nd4 40. Bg5 Ne6 41. Be3 Nf4 42. Qd1 Qxd3 43. Qg4 Qf5 44. Qf3 Nh5 45. Qxf5 gxf5 46. Rg5 Ng7 47.
Rxf5 Nxf5 48. Bg5 Nd4 49. Be7 Rb1+ 50. Kh2 Nf5 51. Bf6 Kg6 0-1

[Event "*** MasterClass Titled Tuesday Blitz"]
[Site "Chess.com"]
[Date "2017.10.03"]
[Round "8"]
[White "bilelou"]
[Black "TregubovP"]
[Result "0-1"]
[WhiteElo "2416"]
[BlackElo "2511"]
[TimeControl "180+2"]
[EndTime "14:50:49 PDT"]
[Termination "TregubovP won by resignation"]

1. e4 c5 2. Nf3 e6 3. c4 Nc6 4.
Nc3 Nf6 5. Be2 d5 6. exd5 exd5 7. d4 cxd4 8. Nxd4 dxc4 9. Nxc6 Qxd1+ 10. Nxd1 bxc6 11.
Bxc4 Bb4+ 12. Bd2 Bxd2+ 13. Kxd2 O-O 14. Re1 Rd8+ 15. Kc1 Bf5 16. f3 Rd4 17. Ne3 Rad8 18. b3 Be6 19. Re2 Bxc4 20. Nxc4 Nd5 21. Kb2 Nf4 22.
Rc2 c5 23. Na5 Nd3+ 24. Kc3 Nb4 25. Re2 Rd3+ 26. Kc4 Rd2 27. Rae1 R2d4+ 28. Kb5 Kf8 29. Nb7 Rb8 30. Kxc5 Rf4 31. Nd6 Nd3+ 32. Kc6 Nxe1 33. Rxe1 g6 34. Kc7 Rb6 35. Nc4 Ra6 36. a4 Rd4 37. Re3 Rf6 38. g3 h5 39. f4 Kg7 40.
Re8 Rd3 41. Rb8 Re6 42. Ne5 Rc3+ 43. Kd7 Rb6 44. Rxb6 axb6 45. Nc4 Rxb3 46. Kc6 Rc3 47. Kb5 Rc2 48. h3 Rc3 49. g4 h4 50. Nxb6 Rxh3 51. a5 Ra3 52. Na4 Rb3+ 53. Kc4 Rb8 0-1

[Event "*** MasterClass Titled Tuesday Blitz"]
[Site "Chess.com"]
[Date "2017.10.03"]
[Round "8"]
[White "Margency"]
[Black "dtn70"]
[Result "1-0"]
[WhiteElo "2516"]
[BlackElo "2302"]
[TimeControl "180+2"]
[EndTime "14:50:55 PDT"]
[Termination "Margency won on time"]

1. e4 e5 2. Nf3 Nc6 3. Bb5 a6 4. Ba4 Nf6 5. O-O Be7 6. Re1 b5 7.
Bb3 O-O 8. h3 d6 9. c3 Bb7 10. d4 Re8 11. Nbd2 h6 12. Nf1 Bf8 13. Ng3 g6 14. Bc2 Bg7 15. b3 exd4 16. cxd4 Nb4 17. Bb1 c5 18. Bb2 Nc6 19. d5 Nb8 20. a4 Nbd7 21. Bd3 Qb6 22. Qd2 Rac8 23. Rec1 h5 24. axb5 axb5 25. Qa5 h4 26. Nxh4 Qxa5 27. Rxa5 b4 28.
Ra7 Rb8 29. Rb1 Ne5 30. Bxe5 Rxe5 31. Nf3 Ree8 32. Nd2 Nd7 33. Bb5 Re7 34. Bxd7 Rxd7 35. Nc4 Rbd8 36. Ne2 Bc8 37. Rxd7 Rxd7 38. f3 Ra7 39.
Nxd6 Ra2 40. Nxc8 Rxe2 41. Nb6 f5 42. exf5 gxf5 43. d6 Rd2 44. Nc4 Rd3 45. Kf2 Kf7 46.
Ke2 Rd5 47. Rd1 Bd4 48. g4 fxg4 49. hxg4 Rg5 50. Rh1 Rg7 51. Rh5 Ke6 52. Kd3 Rf7 53. Ke4 Rf8 54. Rh7 Re8 55. f4 Kf6+ 56. Kd5 Kg6 57.
Re7 1-0